 Dungeon Crawl Stone Soup version 0.24-a0-235-g3f03afc (webtiles) character file.

Game seed: 16194218348309668190

1704 Partyfoot the Skirmisher (level 8, -2/58 HPs)
             Began as a Demonspawn Gladiator on Apr 7, 2019.
             Was an Initiate of Hepliaklqana.
             Slain by Grinder (5 damage)
             ... while paralysed by Grinder
             ... on level 6 of the Dungeon.
             The game lasted 00:39:34 (8357 turns).

Partyfoot the Skirmisher (Demonspawn Gladiator)     Turns: 8357, Time: 00:39:35

Health: -2/58      AC:  3    Str: 16    XL:     8   Next: 73%
Magic:  8/8        EV:  2    Int: 10    God:    Hepliaklqana [......]
Gold:   207        SH:  0    Dex: 15    Spells: 7/7 levels left

rFire    . . .     SeeInvis .   a - +0 long sword
rCold    + . .     Gourm    .   (no shield)
rNeg     . . .     Faith    .   v - +0 leather armour
rPois    .         Spirit   .   (helmet restricted)
rElec    .         Reflect  .   (no cloak)
rCorr    .         Harm     .   (no gloves)
MR       .....                  (no boots)
Stlth    ++........             (no amulet)
HPRegen  0.19/turn              p - ring of stealth
MPRegen  0.11/turn              y - ring of protection from cold

@: paralysed
A: reduced essence, antennae 2, claws 1, powered by death 1, rot immunity
a: Recall Ancestor, Ancestor Identity, Renounce Religion


You were on level 6 of the Dungeon.
You worshipped Hepliaklqana.
Hepliaklqana was noncommittal.
You were hungry.

You visited 2 branches of the dungeon, and saw 7 of its levels.

You collected 207 gold pieces.

Inventory:

Hand Weapons
 a - a +0 long sword (weapon)
 b - a +0 shortbow
Missiles
 d - 2 throwing nets (quivered)
 w - 78 arrows
Armour
 v - a +0 leather armour (worn)
 B - a +0 buckler
Jewellery
 p - a ring of stealth (left claw)
 q - a +3 ring of intelligence
 y - a ring of protection from cold (right claw)
Wands
 l - a wand of paralysis (2)
Scrolls
 c - a scroll of random uselessness {unknown}
 e - 2 scrolls of blinking {unknown}
 k - 5 scrolls of identify {unknown}
 n - 6 scrolls of remove curse {unknown}
 r - 2 scrolls of enchant armour {unknown}
 t - 4 scrolls of teleportation {unknown}
 u - 2 scrolls of magic mapping {unknown}
 C - a scroll of vulnerability {unknown}
Potions
 g - a potion of flight
 h - 2 potions of brilliance {unknown}
 i - a potion of invisibility {unknown}
 j - a potion of might {unknown}
 m - 3 potions of heal wounds
 o - a potion of berserk rage {unknown}
 s - 2 potions of degeneration {unknown}
 x - a potion of magic {unknown}
 z - 2 potions of curing {unknown}
 A - 2 potions of haste {unknown}
Comestibles
 f - 12 rations


   Skills:
 + Level 6.4 Fighting
 - Level 5.4 Long Blades
 + Level 3.4 Bows
 - Level 1.7 Throwing
 - Level 5.7 Dodging
 - Level 0.2 Shields
 + Level 2.7 Unarmed Combat


You had 7 spell levels left.
You didn't know any spells.
Your spell library was empty.

Dungeon Overview and Level Annotations

Branches:
Dungeon (6/15)             Temple (1/1) D:6

Altars:
Ashenzari
Cheibriados
Dithmenos
Elyvilon
Fedhas
Gozag
Hepliaklqana
Kikubaaqudgha
Makhleb
Nemelex Xobeh
Okawaru
Qazlal
Ru
Sif Muna
Uskayaw
Vehumet
Wu Jian
Xom
Yredelemnul
Zin
The Shining One

Shops:
D:5 =

Annotations:
D:2 Sigmund
D:3 1 transporter
D:6 Grinder


Innate Abilities, Weirdness & Mutations

You have a pair of antennae on your head.
You have sharp fingernails.
You regenerate a little health from kills.
You are immune to rotting.
Your life essence is reduced to manifest your ancestor. (-10% HP)


Message History

You hit the ogre.
You kill the ogre!
Zolin hits Grinder.
You barely miss Grinder.
Grinder is lightly wounded.
Grinder gestures at you. Pain shoots through your body!
Zolin hits Grinder.
Grinder gestures at you.
You suddenly lose the ability to move!
Zolin closely misses Grinder.
Grinder hits you!
You writhe in agony.
Zolin hits Grinder but does no damage.
Grinder hits you!
* * * LOW HITPOINT WARNING * * *
You writhe in agony.
* * * LOW HITPOINT WARNING * * *
Zolin hits Grinder.
Grinder hits you.
* * * LOW HITPOINT WARNING * * *
You writhe in agony.
* * * LOW HITPOINT WARNING * * *
Zolin barely misses Grinder.
Grinder hits you.
You die...

####..#................
.......#................
........................
...#.#.#.#.#.).........
#.....................
#.#.......#..#####....
#................#....
#.#...>...#......#..>.
#....@.).........#....
#..#.5.....#.######....
......R.......####.###'#
....#.#.#.#.#..........#
.......................#
..........$#...........#
...........#...........#
...........# ..........'
........#


You could see the friendly Zolin the ancestor and Grinder.

Vanquished Creatures
  A necrophage (D:3)
  2 phantoms (D:4)
  3 ice beasts (D:5)
  6 ogres
  2 centaurs (D:5)
  A bullfrog (D:6)
  A scorpion (D:4)
  2 bullfrog skeletons (D:5)
  2 iguanas
  An orc wizard (D:3)
  2 worker ants
  A hound skeleton (D:4)
  7 adders
  5 gnolls
  An ooze (D:1)
  3 worms
  2 dart slugs
  7 leopard geckos
  6 orcs (D:3)
  5 bats
  3 giant cockroaches
  2 goblins
  5 hobgoblins
  3 jackals (D:2)
  4 kobolds
  5 quokkas
  A ball python (D:5)
  4 frilled lizards
  9 rats
96 creatures vanquished.

Notes
Turn   | Place    | Note
-------+----------+-------------------------------------------
     0 | D:1      | Partyfoot the Demonspawn Gladiator began the quest for the
                  | Orb.
     0 | D:1      | Reached XP level 1. HP: 16/16 MP: 1/1
   233 | D:1      | Gained mutation: You regenerate a little health from kills.
                  | [demonic ancestry]
   233 | D:1      | Reached XP level 2. HP: 10/22 MP: 2/2
  1222 | D:2      | Found a burning altar of Makhleb.
  1234 | D:2      | Gained mutation: You are immune to rotting. [demonic
                  | ancestry]
  1234 | D:2      | Reached XP level 3. HP: 28/28 MP: 3/3
  1470 | D:2      | Noticed Sigmund
  1591 | D:2      | Found a sparkling altar of Nemelex Xobeh.
  1593 | D:2      | Found a blossoming altar of Fedhas.
  1747 | D:2      | Reached skill level 3 in Fighting
  1747 | D:2      | Gained mutation: You have a pair of small antennae on your
                  | head. [demonic ancestry]
  1747 | D:2      | Reached XP level 4. HP: 27/35 MP: 4/4
  1904 | D:2      | Found an ornate altar of the Wu Jian Council.
  2525 | D:3      | Found a transporter.
  2580 | D:3      | Reached XP level 5. HP: 30/41 MP: 5/5
  2589 | D:3      | Noticed a necrophage
  2627 | D:3      | HP: 1/41 [necrophage (5)]
  2628 | D:3      | Killed a necrophage
  2923 | D:4      | Noticed a phantom
  3180 | D:4      | Noticed an ogre
  3194 | D:4      | Killed an ogre
  3194 | D:4      | Reached skill level 4 in Fighting
  3194 | D:4      | Gained mutation: You have a pair of antennae on your head.
                  | [demonic ancestry]
  3194 | D:4      | Reached XP level 6. HP: 22/48 MP: 6/6
  3871 | D:4      | Reached XP level 7. HP: 18/55 MP: 7/7
  4507 | D:5      | Entered Level 5 of the Dungeon
  4531 | D:5      | Reached skill level 5 in Fighting
  4531 | D:5      | Reached skill level 5 in Long Blades
  4531 | D:5      | Reached skill level 5 in Dodging
  5086 | D:5      | Reached skill level 1 in Bows
  5546 | D:5      | Gained mutation: You have sharp fingernails. [demonic
                  | ancestry]
  5546 | D:5      | Reached XP level 8. HP: 60/63 MP: 8/8
  5558 | D:5      | Found Zialesh's Jewellery Shoppe.
  6103 | D:5      | Reached skill level 1 in Unarmed Combat
  6955 | D:6      | HP: 1/64 [ice beast (14)]
  7110 | D:4      | Reached skill level 6 in Fighting
  7743 | D:6      | Found a deep blue altar of Sif Muna.
  8144 | D:6      | Found a staircase to the Ecumenical Temple.
  8153 | Temple   | Entered the Ecumenical Temple
  8301 | Temple   | Became a worshipper of Hepliaklqana the Forgotten
  8346 | D:6      | Noticed Grinder
  8353 | D:6      | Paralysed by Grinder for 7 turns
  8357 | D:6      | Slain by Grinder

Levels and vault maps discovered:
D:1:      kennysheep_arrival_forest, layout_loops_ring,
          minmay_misc_feat_enclosed, minmay_tromino_i2
D:2:      layout_loops_ring, old_standard_altar, nicolae_overflow_hidden_temple,
          minmay_bisected, uniq_sigmund
D:3:      layout_rooms, first_ration, gammafunk_ghost_gnarly_gnolls
D:4:      layout_rooms
D:5:      layout_loops_ring, serial_shops, shop
D:6:      layout_gridville, overflow_temple_1_default,
          minmay_temple_entry_glass, uniq_grinder
Temple:   nicolae_temple_elliptical

Skill      XL: |  1  2  3  4  5  6  7  8 |
---------------+-------------------------+-----
Long Blades    | 3 4 5 |  5.4
Dodging        | 3 4 5 |  5.7
Fighting       | 3 4 5 6 |  6.4
Bows           | 1 3 |  3.4
Unarmed Combat | 2 |  2.7
Throwing       | |  1.7
Shields        | |  0.2

Action                   |  1- 3 |  4- 6 |  7- 9 || total
-------------------------+-------+-------+-------++-------
Melee: Long sword        |   111 |   169 |   191 ||   471
 Fire: Shortbow          |       |       |    21 ||    21
Throw: Throwing net      |       |     4 |     1 ||     5
Invok: Ancestor Identity |       |       |     2 ||     2
       Recall Ancestor   |       |       |     1 ||     1
Evoke: Wand              |       |     1 |     6 ||     7
  Use: Potion            |       |     2 |       ||     2
 Stab: Distracted        |     1 |       |       ||     1
       Sleeping          |     1 |     4 |     5 ||    10
       Paralysed         |       |     4 |    19 ||    23
  Eat: Chunk             |     3 |     4 |     6 ||    13
       Ration            |       |     1 |     2 ||     3
Armor: Leather armour    |    21 |    27 |    24 ||    72
Dodge: Dodged            |    85 |   133 |   134 ||   352
Block: Buckler           |       |       |     8 ||     8
       Rpst.: Long sword |    26 |    43 |    34 ||   103

Table legend:
 A = Non-vault XP
 B = Vault XP
 C = Vault XP percentage of total XP
 D = Non-vault monster count
 E = Vault monster count
 F = Vault count percentage of total count
                 A         B        C        D         E       F
            +---------+---------+-------+---------+---------+-------
      Total |    2430 |       5 |   0.2 |      93 |       3 |   3.1
            +---------+---------+-------+---------+---------+-------
        D:1 |      24 |       2 |   7.7 |       8 |       1 |  11.1
        D:2 |      92 |       3 |   3.2 |      24 |       2 |   7.7
        D:3 |     222 |       0 |   0.0 |      25 |       0 |   0.0
        D:4 |     640 |       0 |   0.0 |      11 |       0 |   0.0
        D:5 |    1158 |       0 |   0.0 |      19 |       0 |   0.0
        D:6 |     294 |       0 |   0.0 |       6 |       0 |   0.0
            +---------+---------+-------+---------+---------+-------
